 Dungeon Crawl Stone Soup version 0.31-a0-1370-gf52a5a9ab3 (webtiles) character file.

Game seed: 16485242702633734840

506 grandjackal the Trooper (level 7, -4/75 HPs)
             Began as an Oni Warper on Dec 24, 2023.
             Shot with an arrow by a centaur (12 damage)
             ... on level 8 of the Dungeon.
             The game lasted 00:05:13 (4181 turns).

grandjackal the Trooper (Oni Warper)                Turns: 4181, Time: 00:05:14

Health: -4/75      AC:  3    Str: 16    XL:     7   Next: 18%
Magic:  4/10       EV:  9    Int: 16    God:
Gold:   220        SH:  0    Dex:  8    Spells: 2/10 levels left

rFire   + . .        z - +3 spear of Idegoq {venom, rF+}
rCold   . . .        (no shield)
rNeg    . . .        b - +0 robe
rPois   .            (helmet restricted)
rElec   .            (no cloak)
rCorr   .            (gloves unavailable)
SInv    .            (boots unavailable)
Will    .....        f - amulet of the acrobat
Stlth   +            (no ring)
HPRegen 0.32/turn    (no ring)
MPRegen 0.12/turn

%: acrobat
@: lethally poisoned (-4 -> -5), on blink cooldown
A: large, unfitting armour, horns 1, tough skin 1, double potion healing,
drunken brawling
a: no special abilities


You were on level 8 of the Dungeon.
You visited 1 branch of the dungeon, and saw 6 of its levels.

You collected 220 gold pieces.

Inventory:

Hand Weapons
 a - a +0 mace
 g - a +0 vampiric whip
 n - a +3 short sword of venom
 t - a +2 hand axe of flaming
 z - the +3 spear of Idegoq (weapon) {venom, rF+}
   (You found it on level 5 of the Dungeon)

   rF+:       It protects you from fire.
Missiles
 d - 7 darts of dispersal (quivered)
 s - 5 poisoned darts
Armour
 b - a +0 robe (worn)
 l - an orb of mayhem
Jewellery
 f - an amulet of the acrobat (around neck)
Wands
 q - a wand of polymorph (3)
 w - a wand of flame (28)
Scrolls
 c - a scroll of blinking
 e - 2 scrolls of fear {unknown}
 h - 2 scrolls of torment {unknown}
 k - 4 scrolls of identify {unknown}
 o - a scroll of enchant weapon {unknown}
 p - a scroll of brand weapon {unknown}
 u - 2 scrolls of fog {unknown}
 x - a scroll of summoning {unknown}
 y - a scroll of revelation {unknown}
 A - 2 scrolls of immolation {unknown}
Potions
 i - a potion of lignification {unknown}
 j - a potion of heal wounds {unknown}
 r - 2 potions of cancellation
 v - 2 potions of might {unknown}


   Skills:
 + Level 6.2 Fighting
 + Level 4.6 Maces & Flails
 - Level 1.0 Throwing
 - Level 2.1 Dodging
 - Level 2.4 Spellcasting
 + Level 4.6 Translocations


You had 2 spell levels left.
You knew the following spells:

 Your Spells              Type           Power      Damage    Failure   Level
a - Blink                 Tloc           32%        N/A       4%          2
b - Manifold Assault      Tloc           16%        N/A       28%         4
c - Lesser Beckoning      Tloc           32%        N/A       4%          2

Your spell library contained the following spells:

 Spells                   Type           Power      Damage    Failure   Level
 Teleport Other           Tloc           16%        N/A       9%          3
 Vhi's Electric Charge    Tloc/Air       18%        N/A       58%         4


Dungeon Overview and Level Annotations

Branches:
Dungeon (5/15)
 Temple: D:4-7

Altars:
Cheibriados
Elyvilon
Sif Muna
Uskayaw
Zin

Shops:
D:2 *


Innate Abilities, Weirdness & Mutations

You are too large for most types of armour.
You have a pair of small horns on your head.
You have tough skin. (AC +1)
You gain doubled healing and magic from potions.
Whenever you drink a healing potion, you attack all around you.


Message History

The killer bee completely misses you. The killer bee stings you.
* * * LOW HITPOINT WARNING * * *
You are poisoned.
The killer bee poisons you!
Unknown command.
You take a swig of the potion and twirl the +3 spear of Idegoq {venom, rF+}.
You miss the killer bee. Your headbutt misses the killer bee.
You hit the centaur.
The centaur looks as sick as possible!
The centaur is heavily wounded.
You savour every drop.
You feel better. The killer bee stings you! The killer bee closely misses you.
You hit the killer bee but do no damage.
The killer bee is poisoned.
The killer bee closely misses you.
The killer bee stings you but does no damage.
You closely miss the killer bee.
The killer bee is moderately wounded.
The killer bee stings you but does no damage.
The killer bee stings you!
You are poisoned.
The killer bee poisons you!
You miss the killer bee.
The killer bee is moderately wounded.
You feel sick. The killer bee misses you. The killer bee barely misses you.
You miss the killer bee.
The killer bee is heavily wounded.
You feel sick. The killer bee barely misses you. The killer bee stings you!
* * * LOW HITPOINT WARNING * * *
You miss the killer bee.
The killer bee is severely wounded.
You feel sick. The killer bee stings you.
* * * LOW HITPOINT WARNING * * *
The killer bee barely misses you. The killer bee stings you.
* * * LOW HITPOINT WARNING * * *
Casting: Manifold Assault (dangerous; 28% risk of failure)
Confirm with . or Enter, or press ? or * to list all spells.
You blink.
You feel sick.
You kill the killer bee!
The centaur wields a +0 orcbow.
The centaur shoots an arrow.
The arrow hits you!
You die...

### ####
#.###..#
##.@..##
##...#
#..##
##.##
#ยง##
####c#
#....#
##.#....#
#..#...#


You could see a centaur (very poisoned).

Vanquished Creatures
  3 killer bees (D:8)
  2 iguanas
  Natasha (thrice) (D:4)
  3 orc wizards
  Robin (D:2)
  9 adders
  2 ufetubi
  6 worms
  3 dart slugs
  3 orcs (D:4)
  6 ball pythons
  5 endoplasms
  5 giant cockroaches
  18 goblins
  14 hobgoblins
  4 jackals (D:1)
  8 bats
  3 frilled lizards (D:1)
  7 kobolds
  3 rats
108 creatures vanquished.

Notes
Turn   | Place    | Note
-------+----------+-------------------------------------------
     0 | D:1      | grandjackal the Oni Warper began the quest for the Orb.
     0 | D:1      | Reached XP level 1. HP: 22/22 MP: 3/3
    80 | D:1      | Reached skill level 3 in Fighting
    80 | D:1      | Reached XP level 2. HP: 21/31 MP: 5/5
    84 | D:1      | Learned a level 2 spell: Blink
   355 | D:1      | Reached XP level 3. HP: 37/37 MP: 6/6
   766 | D:2      | Reached XP level 4. HP: 42/48 MP: 7/7
   888 | D:2      | Reached skill level 4 in Fighting
   947 | D:2      | Found a faded altar of an unknown god.
   997 | D:2      | Found Ceotenwu's Assorted Antiques.
  1716 | D:3      | Noticed Robin
  1782 | D:2      | Killed Robin
  1783 | D:2      | Reached XP level 5. HP: 24/55 MP: 8/8
  2136 | D:3      | Found a snail-covered altar of Cheibriados.
  2269 | D:3      | Found a glowing silver altar of Zin.
  2503 | D:4      | Learned a level 4 spell: Manifold Assault
  2513 | D:4      | Noticed Natasha
  2520 | D:4      | Killed Natasha
  2636 | D:4      | Reached skill level 5 in Fighting
  2750 | D:4      | Reached XP level 6. HP: 51/66 MP: 9/9
  2962 | D:4      | Found a shimmering blue altar of Sif Muna.
  2963 | D:4      | Found a hide-covered altar of Uskayaw.
  3273 | D:4      | Noticed Natasha
  3282 | D:4      | Killed Natasha
  3355 | D:4      | Found a white marble altar of Elyvilon.
  3389 | D:4      | Noticed Natasha
  3419 | D:4      | Killed Natasha
  3819 | D:4      | Learned a level 2 spell: Lesser Beckoning
  3858 | D:5      | Entered Level 5 of the Dungeon
  3859 | D:5      | Noticed a steam dragon
  3912 | D:5      | Identified the +3 spear of Idegoq {venom, rF+}
  4065 | D:5      | Noticed an ice beast
  4077 | D:5      | You fall into a shaft and drop 3 floors!
  4170 | D:8      | Reached skill level 6 in Fighting
  4170 | D:8      | Reached XP level 7. HP: 54/75 MP: 5/10
  4181 | D:8      | Shot with an arrow by a centaur

Illustrated notes

Levels and vault maps discovered:
D:1:      kennysheep_arrival_seaside, layout_basic, minmay_misc_feat_roman
D:2:      layout_loops_ring, shapermc_ecumenical_altar_hornbeckon, serial_shops,
          shop, dk_noncrumbling_2
D:3:      layout_basic, general_overflow_altar, mainiacjoe_overflow_alcove_2,
          uniq_robin
D:4:      layout_loops_ring, grunt_temple_overflow_open,
          nicolae_elyvilon_temple_path, minmay_quantized, uniq_natasha
D:5:      layout_cave_pods, uniq_sigmund
D:8:      layout_layer_cave, minmay_lair_entry_grove, uniq_psyche, uniq_pikel

Skill      XL: |  1  2  3  4  5  6 |
---------------+-------------------+-----
Fighting       | 3 4 5 6 |  6.2
Translocations | 3 4 |  4.6
Maces & Flails | 3 4 |  4.6
Throwing       | |  1.0
Dodging        | |  2.1
Spellcasting   | |  2.4

Action                     |  1- 3 |  4- 6 |  7- 9 || total
---------------------------+-------+-------+-------++-------
  Melee: Mace              |    41 |       |       ||    41
         Headbutt          |    17 |    47 |       ||    64
         Whip              |    75 |   102 |       ||   177
         Punch             |     1 |     1 |       ||     2
         Short sword       |       |   132 |       ||   132
         Spear             |       |    19 |     8 ||    27
   Cast: Blink             |       |     2 |     1 ||     3
    Use: Potion            |       |       |     3 ||     3
 Armour: Robe              |    50 |   192 |    16 ||   258
  Dodge: Dodged            |    59 |   164 |     8 ||   231

Table legend: (Time is in decaauts)
 A = Elapsed time spent in this place.
 B = Non-inter-level travel time spent in this place.
 C = Inter-level travel time spent in this place.
 D = Time resting spent in this place.
 E = Time spent auto-exploring this place.
 F = Levels seen in this place.
 G = Mean time per level.
                   A        B        C        D        E       F      G
               +--------+--------+--------+--------+--------+-----+--------+
         Total |   4189 |   3959 |    230 |    883 |   2200 |   6 |  698.2 |
       Dungeon |   4189 |   3959 |    230 |    883 |   2200 |   6 |  698.2 |
               +--------+--------+--------+--------+--------+-----+--------+

Top non-repeatable levels by time:
     D:4: 1438 daAuts
     D:2: 1140 daAuts
     D:1: 722 daAuts
     D:3: 674 daAuts
     D:5: 109 daAuts
     D:8: 104 daAuts
